 Dungeon Crawl Stone Soup version 0.25.0-1-g7eea58d2a3 (webtiles) character file.

Game seed: 13831262400655586137

1703 Peloso the Carver (level 8, -4/49 HPs)
             Began as a Vampire Fighter on June 13, 2020.
             Was a Follower of Okawaru.
             Engulfed by an orc wizard's steam (12 damage)
             ... on level 6 of the Dungeon.
             The game lasted 00:11:00 (4775 turns).

Peloso the Carver (Vampire Fighter)                 Turns: 4775, Time: 00:11:00

Health: -4/49      AC:  0    Str: 15 (17) XL:     8   Next: 73%
Magic:  4/8        EV: 25    Int:  9 (11) God:    Okawaru [*.....]
Gold:   261        SH:  0    Dex: 16 (18) Spells: 7/7 levels left

rFire    . . .     SeeInvis +     - Unarmed
rCold    + + .     Gourm    .   (shield currently unavailable)
rNeg     + + +     Faith    .   (armour currently unavailable)
rPois    ∞         Spirit   .   (helmet currently unavailable)
rElec    .         Reflect  .   (cloak currently unavailable)
rCorr    .         Harm     .   (gloves currently unavailable)
MR       .....                  (boots currently unavailable)
Stlth    +++++.....             (no amulet)
HPRegen  0.00/turn              (ring currently unavailable)
MPRegen  0.11/turn              (ring currently unavailable)

@: bat-form, heroism, flying, bloodless, very quick
A: tiny, no food, fangs 3, see invisible
a: Revivify, End Transformation, Heroism, Renounce Religion


You were on level 6 of the Dungeon.
You worshipped Okawaru.
Okawaru was aware of your devotion.
You were bloodless.
You were in vampire-bat-form.
You visited 1 branch of the dungeon, and saw 6 of its levels.

You collected 261 gold pieces.

Inventory:

Hand Weapons
 a - a +0 long sword (melded)
Armour
 b - a +0 scale mail
 c - a +0 kite shield (melded)
 f - a +0 cloak of poison resistance (melded)
 g - a +0 helmet (melded)
 l - a +0 pair of boots (melded)
 m - a +0 chain mail (melded)
Jewellery
 i - a +4 ring of slaying (melded)
 o - a ring of fire (melded)
Wands
 n - a wand of flame (11)
 r - a wand of enslavement (9)
Scrolls
 d - a scroll of fear {unknown}
 e - a scroll of teleportation
 k - 6 scrolls of remove curse
 p - 4 scrolls of magic mapping
 t - 2 scrolls of immolation {unknown}
 u - a scroll of fog {unknown}
 v - a scroll of enchant weapon {unknown}
Potions
 h - 3 potions of mutation
 j - a potion of brilliance {unknown}
 q - 2 potions of curing
 s - a potion of berserk rage {unknown}


   Skills:
 + Level 5.1(10.1) Fighting
 + Level 8.0(13.0) Long Blades
 + Level 4.3(9.3) Armour
 + Level 1.7(6.7) Dodging
 + Level 0.9(5.9) Stealth
 + Level 4.8(9.8) Shields
 + Level 0.1 Invocations


You had 7 spell levels left.
You didn't know any spells.
Your spell library was empty.

Dungeon Overview and Level Annotations

Branches:
Dungeon (6/15)
 Temple: D:4-7

Altars:
Makhleb
Okawaru
Sif Muna
Uskayaw
Vehumet
The Shining One

Shops:
D:6 [


Innate Abilities, Weirdness & Mutations

You do not eat.
You do not regenerate when monsters are visible.
You are frail without blood (-20% HP).
You can heal yourself when you bite living creatures.
You are immune to poison.
You have razor-sharp teeth.
You have supernaturally acute eyesight. (SInv)
((You can survive without breathing.))


Message History

Your +0 chain mail melds into your body.
Your +4 ring of slaying melds into your body.
Your ring of fire melds into your body.
You feel weakened.
You feel dopey.
You feel clumsy.
The orc wizard gestures at you while chanting.
The magic dart hits you.
There is an open door, spattered with blood here.
The orc wizard gestures at you while chanting.
The puff of flame hits you!
The orc wizard hits you with a +0 dagger!
You gain the combat prowess of a mighty hero.
You are engulfed in a cloud of scalding steam.
* * * LOW HITPOINT WARNING * * *
The orc wizard barely misses you. The orc wizard casts a spell at you.
The puff of flame misses you.
You hit the orc wizard.
The orc wizard is almost dead.
You are engulfed in a cloud of scalding steam.
You die...

#.# #.# #[..#
#.#####.# ###.##
........# ##...##
........#####.._..#
........#...#.8.8.#
#'#####.#...###'###
...# #.#...##...#
...# #.....##...#
...# ###...##≈≈b#
...# #...##.oo#
...# #...######
...# #....# #+##
###### #.# #.# #.#
####### #.# #.....#


You could see 2 orc wizards.

Vanquished Creatures
  Grinder (D:4)
  Duvessa (D:5)
  A sky beast (D:5)
  3 ogres
  A phantom (D:6)
  A centaur (D:5)
  A scorpion (D:5)
  A wyvern skeleton (D:6)
  Dowan (D:5)
  A howler monkey (D:4)
  A crimson imp (D:5)
  A jelly (D:5)
  2 hounds
  4 orc wizards
  Crazy Yiuf (D:3)
  2 centaur skeletons
  An orc priest (D:5)
  2 bullfrog skeletons
  2 iguanas (D:6)
  Terence (D:3)
  2 worker ants
  Robin (D:2)
  4 adders
  2 shadow imps
  2 oozes (D:1)
  A worm (D:4)
  2 dart slugs
  9 leopard geckos
  18 orcs
  2 ball pythons
  4 giant cockroaches
  16 goblins
  9 hobgoblins
  8 jackals
  11 kobolds
  2 quokkas
  5 bats
  4 frilled lizards
  3 jackal skeletons
  4 rats
138 creatures vanquished.

Notes
Turn   | Place    | Note
-------+----------+-------------------------------------------
     0 | D:1      | Peloso the Vampire Fighter began the quest for the Orb.
     0 | D:1      | Reached XP level 1. HP: 17/17 MP: 1/1
   118 | D:1      | Reached XP level 2. HP: 23/23 MP: 2/2
   478 | D:1      | Reached XP level 3. HP: 25/28 MP: 3/3
   924 | D:2      | Noticed Robin
   945 | D:2      | HP: 1/28 [Robin/goblin (2)]
  1054 | D:1      | Reached skill level 3 in Long Blades
  1224 | D:2      | Killed Robin
  1224 | D:2      | Reached XP level 4. HP: 31/34 MP: 4/4
  1412 | D:2      | You fall into a shaft and drop 1 floor!
  1413 | D:3      | Noticed Terence
  1430 | D:3      | Killed Terence
  1738 | D:3      | Reached XP level 5. HP: 41/41 MP: 5/5
  1865 | D:3      | Reached skill level 4 in Long Blades
  1924 | D:3      | Found a radiant altar of Vehumet.
  2308 | D:3      | Found a runed translucent door.
  2309 | D:3      | Noticed Crazy Yiuf
  2484 | D:4      | Reached skill level 1 in Dodging
  2484 | D:4      | Reached XP level 6. HP: 41/48 MP: 6/6
  2533 | D:4      | Found a hide-covered altar of Uskayaw.
  2536 | D:4      | Noticed a -1 dagger
  2536 | D:4      | Noticed a +0 hand axe
  2605 | D:4      | Reached skill level 5 in Long Blades
  2915 | D:4      | Noticed Grinder
  2925 | D:4      | Paralysed by Grinder for 4 turns
  2930 | D:4      | Found an iron altar of Okawaru.
  2931 | D:4      | Killed Grinder
  2931 | D:4      | Reached XP level 7. HP: 39/54 MP: 7/7
  2939 | D:4      | Became a worshipper of Warmaster Okawaru
  3045 | D:4      | Found a glowing golden altar of the Shining One.
  3046 | D:4      | Found a burning altar of Makhleb.
  3142 | D:3      | Killed Crazy Yiuf
  3204 | D:5      | Entered Level 5 of the Dungeon
  3240 | D:5      | Reached skill level 6 in Long Blades
  3400 | D:5      | Reached XP level 8. HP: 29/61 MP: 8/8
  3573 | D:5      | Reached * piety under Okawaru
  3855 | D:5      | Reached skill level 7 in Long Blades
  4000 | D:5      | Noticed Dowan
  4001 | D:5      | Noticed Duvessa
  4011 | D:5      | Killed Dowan
  4035 | D:5      | Killed Duvessa
  4276 | D:6      | Reached skill level 5 in Fighting
  4627 | D:6      | Found Nypiomum's Armour Emporium.
  4703 | D:6      | Reached skill level 8 in Long Blades
  4748 | D:6      | Found a shimmering blue altar of Sif Muna.
  4775 | D:6      | Engulfed by an orc wizard's steam

Illustrated notes

Levels and vault maps discovered:
D:1:      scummos_arrival_simple_fountains, layout_basic, minmay_misc_feat_rows
D:2:      layout_rooms, uniq_robin
D:3:      layout_basic, vehumet_crystals, kennysheep_generic_room_16,
          uniq_terence, uniq_crazy_yiuf_cottage
D:4:      layout_rooms, gammafunk_temple_overflow_pools,
          dancing_weapons_uskayaw, first_ration, okawaru_trees_1, uniq_grinder
D:5:      layout_basic, uniq_duvessa
D:6:      layout_basic, led_sif_book, serial_shops, kennysheep_little_box

Skill      XL: |  1  2  3  4  5  6  7  8 |
---------------+-------------------------+-----
Shields        | 3 4 |  4.8
Long Blades    | 3 4 5 6 8 |  8.0
Fighting       | 3 4 5 |  5.1
Armour         | 3 4 |  4.3
Dodging        | 1 |  1.7
Stealth        | |  0.9
Invocations    | |  0.1

Action                   |  1- 3 |  4- 6 |  7- 9 || total
-------------------------+-------+-------+-------++-------
Melee: Long sword        |   125 |   158 |   139 ||   422
       Bite              |    11 |    16 |    14 ||    41
       Unarmed           |       |       |     1 ||     1
Invok: Heroism           |       |       |     3 ||     3
 Abil: Bat Form          |       |       |     1 ||     1
       Exsanguinate      |       |       |     1 ||     1
Evoke: Wand              |       |       |     4 ||     4
  Use: Scroll            |       |     7 |       ||     7
       Potion            |       |     1 |       ||     1
Armor: Scale mail        |    91 |       |       ||    91
       Chain mail        |       |   100 |    70 ||   170
Dodge: Dodged            |    61 |    22 |    34 ||   117
Block: Kite shield       |    95 |    89 |    62 ||   246
       Rpst.: Long sword |    23 |     4 |     9 ||    36
